 Dungeon Crawl Stone Soup version 0.21-a0-95-g06f091e (webtiles) character file.

57701 nubinia the Thaumaturge (level 14, 0/111 HPs)
             Began as a Red Draconian Wizard on July 3, 2017.
             Was a High Priest of Sif Muna.
             Succumbed to an orc warrior's poison
             ... on level 1 of the Orcish Mines on July 4, 2017.
             The game lasted 02:47:23 (22721 turns).

nubinia the Thaumaturge (Red Draconian Wizard)     Turns: 22721, Time: 02:47:24

Health: 0/111      AC: 15    Str: 11    XL:     14   Next: 46%
Magic:  14/28      EV: 15    Int: 24    God:    Sif Muna [*****.]
Gold:   1471       SH:  3    Dex: 12    Spells: 1/34 levels left

rFire    + + .     SeeInvis .   v - +6 hand axe (drain)
rCold    . . .     Gourm    .   (no shield)
rNeg     . . .     Faith    .   (armour unavailable)
rPois    .         Spirit   .   o - +2 hat {MR+}
rElec    .         Reflect  +   y - +2 cloak
rCorr    .         Harm     .   H - +0 pair of gloves
MR       ++...                  M - +0 pair of boots (curse)
Stlth    +++.......             k - +3 amulet of reflection
HPRegen  0.28/turn              A - ring of protection from fire
MPRegen  0.21/turn              G - +4 ring of intelligence

@: lethally poisoned (0 -> -8), divine energy
A: breathe fire, unfitting armour, stinger 1, fire resistance 1, wild magic 1,
cold-blooded, AC +8
a: Breathe Fire, Stop Divine Energy, Channel Magic, Forget Spell, Renounce
Religion


You were on level 1 of the Orcish Mines.
You worshipped Sif Muna.
Sif Muna was extremely pleased with you.
You were not hungry.

You visited 4 branches of the dungeon, and saw 19 of its levels.
You also visited: Ossuary and Volcano.

You collected 1471 gold pieces.

Inventory:

Hand Weapons
 s - a +0 battleaxe of flaming
 v - a +6 hand axe of draining (weapon)
 w - a +2 demon trident of flaming
Armour
 j - a scarf of repulsion
 o - a +2 hat of magic resistance (worn)
 y - a +2 cloak (worn)
 H - a +0 pair of gloves (worn)
 M - a cursed +0 pair of boots (worn)
Magical Staves
 a - an uncursed staff of cold
Jewellery
 k - a +3 amulet of reflection (around neck)
 A - a ring of protection from fire (left hand)
 G - a +4 ring of intelligence (right hand)
 O - an uncursed amulet of guardian spirit
 R - an uncursed ring of flight
 S - an uncursed ring of ice
 X - the ring "Rutzot" {+Blink rPois MR- SInv}
   (You found it on level 6 of the Lair of Beasts)

   [ring of see invisible]

   It protects you from poison.
   It affects your resistance to hostile enchantments.
   It lets you see invisible.
   It lets you blink.
Wands
 I - a wand of lightning (5/15)
 V - a wand of iceblast (0/15)
 Z - a wand of disintegration (11/24)
Scrolls
 b - a scroll of magic mapping
 e - a scroll of teleportation
 g - a scroll of enchant armour
 l - 9 scrolls of identify
 q - 3 scrolls of fog
 u - 8 scrolls of remove curse
 E - 2 scrolls of amnesia
 L - 5 scrolls of recharging
 T - a scroll of fear
Potions
 f - 2 potions of haste
 h - a potion of heal wounds
 i - a potion of resistance
 m - 4 potions of curing
 n - 5 potions of might
 p - 5 potions of brilliance
 r - 2 potions of flight
 x - 2 potions of mutation
 z - 2 potions of cancellation
 D - 2 potions of lignification
 F - 4 potions of berserk rage
 J - a potion of ambrosia
 K - 3 potions of agility
 Q - a potion of magic
Books
 d - a book of Clouds

   Spells                             Type                      Level
   a - Poisonous Vapours              Poison/Air                   2
   b - Mephitic Cloud                 Conjuration/Poison/Air       3
   c - Conjure Flame                  Conjuration/Fire             3
   d - Freezing Cloud                 Conjuration/Ice/Air          6
   e - Ring of Flames                 Charms/Fire                  7
 P - Sif Muna's Collected Works on Transmutation and Creation
   (Sif Muna gifted it to you on level 6 of the Lair of Beasts)

   Spells                             Type                      Level
   a - Beastly Appendage              Transmutation                1
   b - Summon Guardian Golem          Hexes/Summoning              3
   c - Recall                         Summoning/Translocation      3
   d - Summon Lightning Spire         Summoning/Air                4
   e - Alistair's Intoxication        Transmutation/Poison         5
   f - Dragon Form                    Transmutation                7
   g - Dragon's Call                  Summoning                    9
 U - a book of Fire

   Spells                             Type                      Level
   a - Ignite Poison                  Fire/Transmutation/Poison    3
   b - Fireball                       Conjuration/Fire             5
   c - Bolt of Fire                   Conjuration/Fire             6
   d - Ring of Flames                 Charms/Fire                  7
   e - Ignition                       Fire                         8
Miscellaneous
 W - a sack of spiders
 Y - a lightning rod (3/4)
Comestibles
 c - 13 bread rations
 t - 6 fruits
 B - a royal jelly
 C - 4 meat rations
 N - 10 chunks of flesh


   Skills:
 + Level 6.5 Fighting
 + Level 9.8 Axes
 + Level 6.3 Dodging
 + Level 5.1 Stealth
 + Level 10.5 Spellcasting
 * Level 10.2 Conjurations
 + Level 1.2 Charms
 * Level 1.9 Summonings
 * Level 7.8 Necromancy
 + Level 1.0 Translocations
 * Level 10.3 Fire Magic
 * Level 10.4 Air Magic
   Level 2.1 Poison Magic
 + Level 1.1 Evocations


You had one spell level left.
You knew the following spells:

 Your Spells              Type           Power        Failure   Level  Hunger
a - Magic Dart            Conj           ####         1%          1    None
b - Airstrike             Air            ######....   1%          4    None
c - Fireball              Conj/Fire      ######....   3%          5    ####...
d - Blink                 Tloc           N/A          8%          2    None
e - Swiftness             Chrm/Air       ######..     1%          2    None
f - Conjure Flame         Conj/Fire      ######..     1%          3    None
g - Bolt of Draining      Conj/Necr      ######....   5%          5    ####...
h - Summon Lightning Spi  Summ/Air       ######..     7%          4    None
r - Regeneration          Chrm/Necr      #####.....   4%          3    None
v - Vampiric Draining     Necr           ######....   1%          3    None
S - Animate Skeleton      Necr           N/A          1%          1    None


Dungeon Overview and Level Annotations

Branches:
Dungeon (11/15)            Temple (1/1) D:5            Lair (6/6) D:11
  Swamp (0/4) Lair:4        Snake (0/4) Lair:2        Slime (0/5) Lair:6
    Orc (1/2) D:10

Altars:
Ashenzari
Fedhas
Gozag
Kikubaaqudgha
Okawaru
Qazlal
Ru
Sif Muna
Trog
Uskayaw
Wu Jian
Xom
Yredelemnul
Zin
The Shining One

Shops:
D:11 :[=

Annotations:
D:4 Eustachio


Innate Abilities, Weirdness & Mutations

You can breathe blasts of fire.
Your fiery red scales are hard. (AC +8)
You cannot fit into any form of body armour.
Your flesh is heat resistant. (rF+)
You are cold-blooded and may be slowed by cold attacks.
Your tail ends in a poisonous barb.
Your spells are a little harder to cast, but a little more powerful.


Message History

The orc warrior barely misses you.
Casting: Vampiric Draining
Confirm with . or Enter, or press ? or * to list all spells.
Aiming: Vampiric Draining
Press: ? - help, Shift-Dir - straight line, f/p - orc warrior
Aim: an orc warrior, wielding a war axe of venom and wearing a plate armour (heavily wounded)
The orc warrior is almost dead.
You feel life coursing into your body.
The orc warrior hits you with a war axe of venom!!
* * * LOW HITPOINT WARNING * * *
You are more poisoned.
Casting: Vampiric Draining
Confirm with . or Enter, or press ? or * to list all spells.
Aiming: Vampiric Draining
Press: ? - help, Shift-Dir - straight line, f/p - orc warrior
Aim: an orc warrior, wielding a war axe of venom and wearing a plate armour (almost dead)
You kill the orc warrior!
Sif Muna accepts your kill.
You feel life coursing into your body.
You die...

###.........## #####......##
##.#.........# #..#...........
#...........##.# #.............##
###......####...# ###
#...)##...#...... ##.##
###..@.#.#....... ##...#
#........#....... #### ##.#Z.#
###.)........... ##.#.
#..Z#######............# #....
##.##.#.##..........### ##....
###)....###..........####.....
####........#####.........###....
.#.#.......Z#.##Z........##.....#
...........ZZ)......#............


There were no monsters in sight!

Vanquished Creatures
  A fire dragon (Lair:6)
  Fannar (Lair:3)
  9 hydras
  5 two-headed ogres
  The ghost of p0werm0de the Cleaver, a novice MiCK of Xom (D:7)
  A fire crab (Lair:6)
  Sonja (Lair:1)
  An ugly thing (D:10)
  A manticore (D:10)
  2 salamanders (Volcano)
  7 black mambas
  3 molten gargoyles (Lair:6)
  An elephant (Lair:5)
  4 spiny frogs
  The ghost of HAL9000 the Vexing, a novice VSEn of Wu Jian (D:6)
  10 komodo dragons
  A rime drake (Lair:3)
  4 polar bears
  A troll (D:10)
  A hornet (D:9)
  2 dream sheep (Lair:4)
  6 hippogriffs
  A spriggan (D:7)
  8 wyverns
  4 steam dragons
  A wraith (D:10)
  27 yaks
  4 fire bats (Volcano)
  A hungry ghost (D:10)
  5 basilisks
  Menkaure (D:6)
  21 water moccasins
  3 hell hounds (Lair:6)
  6 porcupines
  An eye of draining (D:10)
  10 ice beasts
  5 sky beasts
  9 orc warriors
  A black bear (D:10)
  3 phantoms
  10 ogres
  9 wolves
  11 centaurs
  21 crocodiles
  An elf zombie (Ossuary)
  A big kobold (D:11)
  11 bullfrogs
  A gnoll sergeant (D:10)
  2 scorpions
  A troll zombie (D:10)
  5 killer bees (D:10)
  2 electric eels (D:11)
  4 howler monkeys (D:7)
  2 centaur zombies
  5 crimson imps
  5 lava snakes (Lair:6)
  6 hounds
  4 jellies
  3 bullfrog zombies
  7 orc priests
  2 human zombies (Ossuary)
  2 bullfrog skeletons
  7 orc wizards
  4 centaur skeletons
  7 iguanas
  12 worker ants
  5 ogre zombies (D:10)
  A bullfrog simulacrum (D:11)
  A hound zombie (Ossuary)
  4 mummies (Ossuary)
  A worker ant zombie (D:11)
  5 gnolls (D:10)
  17 adders
  A shadow imp (D:5)
  A worker ant simulacrum (D:11)
  An ooze (D:5)
  4 adder zombies
  A worm (D:3)
  An adder skeleton (D:5)
  A dart slug (D:1)
  14 leopard geckos
  28 orcs
  2 ball pythons
  4 giant cockroaches
  3 gnoll zombies (Ossuary)
  6 goblins
  7 hobgoblins
  20 jackals
  13 kobolds (D:11)
  3 quokkas
  6 bats
  12 frilled lizards
  A goblin skeleton (D:10)
  2 goblin zombies (D:10)
  A hobgoblin skeleton (D:10)
  A hobgoblin zombie (Ossuary)
  A kobold zombie (Ossuary)
  2 orc skeletons (D:10)
  13 orc zombies
  8 rats
  A fungus (Lair:4)
  A plant (Volcano)
513 creatures vanquished.

Vanquished Creatures (collateral kills)
  Rupert (Lair:5)
  An orc warlord (Orc:1)
  The ghost of PeterLawrence the Cruncher, a journeyman MiFi of Okawaru (Lair:5)
  A fire dragon (Volcano)
  3 hydras (Lair:6)
  A salamander (Volcano)
  6 elephants
  5 black mambas
  5 spiny frogs
  7 komodo dragons
  4 blink frogs (Lair:6)
  2 dream sheep (Lair:4)
  A slime creature (Lair:6)
  A hippogriff (Lair:6)
  A basilisk (Lair:5)
  2 wyverns (Volcano)
  A fire bat (Volcano)
  12 yaks
  A steam dragon (Lair:6)
  A hell hound (Lair:6)
  4 water moccasins
  2 orc warriors
  A black bear (D:9)
  3 ice beasts (D:11)
  4 crocodiles
  A big kobold (D:11)
  A bullfrog (Lair:2)
  An electric eel (D:11)
  A hound (D:9)
  A bullfrog skeleton (D:10)
  A centaur skeleton (D:11)
  An orc priest (Orc:1)
  An orc wizard (Orc:1)
  3 iguanas (Lair:3)
  A shadow imp (D:11)
  2 leopard geckos (Lair:3)
  5 orcs
  2 orc zombies (D:10)
  A plant (Volcano)
93 creatures vanquished.

Vanquished Creatures (others)
  2 wyverns (Volcano)
  A steam dragon (Volcano)
  A porcupine (D:11)
  A centaur (D:11)
  2 bushes (D:11)
  9 fungi
  40 plants
56 creatures vanquished.

Grand Total: 662 creatures vanquished

Notes
Turn   | Place    | Note
-------+----------+-------------------------------------------
     0 | D:1      | nubinia the Draconian Wizard began the quest for the Orb.
     0 | D:1      | Reached XP level 1. HP: 14/14 MP: 4/4
   351 | D:1      | Reached XP level 2. HP: 20/20 MP: 0/6
  1507 | D:2      | Found a blossoming altar of Fedhas.
  1559 | D:2      | Reached XP level 3. HP: 26/26 MP: 1/8
  1623 | D:2      | Learned a level 3 spell: Conjure Flame
  1627 | D:2      | Learned a level 3 spell: Mephitic Cloud
  1630 | D:2      | Learned a level 2 spell: Blink
  1683 | D:2      | Found a glowing golden altar of the Shining One.
  1882 | D:2      | Found a bloodstained altar of Trog.
  1982 | D:2      | Reached XP level 4. HP: 27/33 MP: 3/10
  2899 | D:3      | Reached XP level 5. HP: 29/39 MP: 2/11
  3437 | D:4      | Noticed Eustachio
  3652 | D:4      | Noticed an ogre
  3672 | D:4      | Killed an ogre
  3672 | D:4      | Reached skill level 1 in Axes
  3672 | D:4      | Reached XP level 6. HP: 46/46 MP: 7/12
  3689 | D:4      | Reached skill level 1 in Fighting
  3868 | D:4      | Reached skill level 1 in Air Magic
  4048 | D:4      | Reached skill level 1 in Poison Magic
  4341 | D:5      | Entered Level 5 of the Dungeon
  4410 | D:5      | Your scales start taking on a fiery red colour.
  4410 | D:5      | Reached XP level 7. HP: 48/55 MP: 7/14
  4410 | D:5      | Gained mutation: Your flesh is heat resistant. (rF+) [Red Draconian growth]
  4426 | D:5      | Found a shimmering altar of Xom.
  4495 | D:5      | Found a sacrificial altar of Ru.
  4495 | D:5      | Found an opulent altar of Gozag.
  4511 | D:5      | Found a blossoming altar of Fedhas.
  4512 | D:5      | Found a shattered altar of Ashenzari.
  4512 | D:5      | Found a hide-covered altar of Uskayaw.
  4512 | D:5      | Found a basalt altar of Yredelemnul.
  4512 | D:5      | Found a stormy altar of Qazlal.
  4512 | D:5      | Found a hide-covered altar of Uskayaw.
  4536 | D:5      | Found a blossoming altar of Fedhas.
  4536 | D:5      | Found a stormy altar of Qazlal.
  4567 | D:5      | Found a glowing silver altar of Zin.
  4567 | D:5      | Found a bloodstained altar of Trog.
  4978 | D:5      | Found a staircase to the Ecumenical Temple.
  4983 | Temple   | Entered the Ecumenical Temple
  5004 | Temple   | Became a worshipper of Sif Muna the Loreminder
  5294 | D:6      | Noticed HAL9000's ghost (novice VSEn)
  5379 | D:6      | Noticed Menkaure
  5382 | D:6      | Killed Menkaure
  5382 | D:6      | Reached skill level 5 in Spellcasting
  5382 | D:6      | Reached skill level 1 in Fire Magic
  5456 | D:6      | Reached XP level 8. HP: 51/62 MP: 11/15
  5610 | D:5      | Reached * piety under Sif Muna
  5929 | D:6      | Killed HAL9000's ghost
  6458 | D:7      | Found an ancient bone altar of Kikubaaqudgha.
  6482 | D:7      | Found a sand-covered staircase.
  6490 | Ossuary  | Entered an ossuary
  6901 | D:7      | Reached XP level 9. HP: 69/69 MP: 9/17
  6908 | D:7      | Reached skill level 5 in Axes
  6960 | D:7      | Reached ** piety under Sif Muna
  6960 | D:7      | Reached skill level 5 in Conjurations
  7448 | D:7      | Noticed p0werm0de's ghost (novice MiCK)
  7459 | D:7      | Killed p0werm0de's ghost
  8075 | D:8      | Learned a level 2 spell: Swiftness
  8298 | D:8      | Found a stormy altar of Qazlal.
  8298 | D:8      | Found a hide-covered altar of Uskayaw.
  8541 | D:9      | Learned a level 4 spell: Airstrike
  8613 | D:9      | Reached XP level 10. HP: 65/80 MP: 10/19
  9042 | D:9      | Learned a level 1 spell: Animate Skeleton
  9074 | D:9      | Noticed a two-headed ogre
  9090 | D:9      | Killed a two-headed ogre
  9090 | D:9      | Reached *** piety under Sif Muna
  9090 | D:9      | Reached skill level 5 in Fire Magic
  9631 | D:10     | Entered Level 10 of the Dungeon
  9701 | D:10     | Found an iron altar of Okawaru.
 10287 | D:10     | Reached skill level 5 in Air Magic
 10300 | D:10     | Found a staircase to the Orcish Mines.
 10880 | D:11     | Found Silloufi's Book Shoppe.
 10891 | D:11     | Noticed a manticore
 10906 | D:11     | Noticed a two-headed ogre
 10948 | D:11     | Reached skill level 5 in Dodging
 11131 | D:11     | Reached **** piety under Sif Muna
 11164 | D:11     | Killed a two-headed ogre
 11164 | D:11     | Reached skill level 5 in Fighting
 11164 | D:11     | Reached XP level 11. HP: 50/86 MP: 15/22
 11208 | D:11     | Found Tyl Lau's Armour Boutique.
 11211 | D:11     | Noticed a green ugly thing
 11229 | D:11     | Reached skill level 1 in Necromancy
 11235 | D:11     | Noticed a six-headed hydra
 11244 | D:11     | Found Wauxi's Jewellery Shop.
 11996 | D:10     | Killed a green ugly thing
 12584 | D:11     | Found a staircase to the Lair.
 12601 | D:11     | Killed a ten-headed hydra
 12767 | D:11     | Reached ***** piety under Sif Muna
 12829 | D:11     | Identified Xidu Duv's Almanac of Conjuration (Sif Muna gifted it to you on level 11 of the Dungeon)
 12829 | D:11     | Received a gift from Sif Muna
 13194 | Lair:1   | Entered Level 1 of the Lair of Beasts
 13197 | Lair:1   | Noticed Sonja
 13203 | Lair:1   | Killed Sonja
 13958 | Lair:1   | Reached XP level 12. HP: 91/94 MP: 18/24
 14846 | Lair:1   | Upgraded the game from 0.21-a0-94-gdd6ab6a to 0.21-a0-95-g06f091e
 14880 | Lair:1   | Learned a level 5 spell: Bolt of Draining
 15272 | Lair:2   | Found a staircase to the Snake Pit.
 15393 | Lair:2   | Received a gift from Sif Muna
 15398 | Lair:2   | Learned a level 3 spell: Vampiric Draining
 15402 | Lair:2   | Learned a level 3 spell: Regeneration
 15467 | Lair:2   | Noticed a five-headed hydra
 15515 | Lair:2   | Killed a five-headed hydra
 15985 | Lair:3   | Noticed Fannar
 16139 | Lair:3   | Noticed a five-headed hydra
 16149 | Lair:3   | Killed an eight-headed hydra
 16590 | Lair:3   | Killed Fannar
 16590 | Lair:3   | Reached skill level 5 in Necromancy
 16994 | Lair:4   | Noticed a five-headed hydra
 16999 | Lair:4   | Killed a five-headed hydra
 16999 | Lair:4   | Reached XP level 13. HP: 102/102 MP: 7/26
 17029 | Lair:4   | Received a gift from Sif Muna
 17046 | Lair:4   | Learned a level 5 spell: Fireball
 17066 | Lair:4   | Reached skill level 1 in Evocations
 17154 | Lair:4   | Found a staircase to the Swamp.
 17968 | Lair:5   | Reached skill level 5 in Stealth
 18028 | Lair:5   | Noticed Rupert
 18036 | Lair:5   | Paralysed by Rupert for 2 turns
 18036 | Lair:5   | Killed Rupert
 18122 | Lair:5   | Reached skill level 1 in Charms
 18161 | Lair:5   | Noticed PeterLawrence's ghost (journeyman MiFi)
 18172 | Lair:5   | Killed PeterLawrence's ghost
 18701 | Lair:6   | Entered Level 6 of the Lair of Beasts
 18780 | Lair:6   | Found a dark tunnel.
 18791 | Lair:6   | Gained mutation: Your spells are a little harder to cast, but a little more powerful. [potion of mutation]
 18791 | Lair:6   | Gained mutation: Your tail ends in a poisonous barb. [potion of mutation]
 18793 | Volcano  | Entered a volcano
 19282 | Volcano  | Received a gift from Sif Muna
 19421 | Volcano  | Noticed a fire dragon
 19434 | Volcano  | Killed a fire dragon
 19679 | Lair:6   | Learned a level 2 spell: Poisonous Vapours
 19747 | Lair:6   | Reached skill level 10 in Fire Magic
 20108 | Lair:6   | Reached skill level 10 in Spellcasting
 20437 | Lair:6   | Reached XP level 14. HP: 110/110 MP: 15/28
 20682 | Lair:6   | Reached skill level 10 in Air Magic
 21039 | Lair:6   | Reached skill level 10 in Conjurations
 21324 | Lair:6   | Identified Sif Muna's Collected Works on Transmutation and Creation (Sif Muna gifted it to you on level 6 of the Lair of Beasts)
 21324 | Lair:6   | Received a gift from Sif Muna
 21332 | Lair:6   | Learned a level 4 spell: Summon Lightning Spire
 21548 | Lair:6   | Found a large runed door.
 21549 | Lair:6   | Found a large runed door.
 21866 | Lair:6   | Found a staircase to the Slime Pits.
 22077 | Lair:6   | Got a warped tin ring
 22078 | Lair:6   | Identified the ring "Rutzot" {+Blink rPois MR- SInv} (You found it on level 6 of the Lair of Beasts)
 22302 | Orc:1    | Entered Level 1 of the Orcish Mines
 22311 | Orc:1    | Noticed an orc warlord
 22319 | Orc:1    | Killed an orc warlord
 22720 | Orc:1    | HP: 1/111 [orc warrior/war axe of venom (23)]
 22721 | Orc:1    | Succumbed to an orc warrior's poison

Vault maps used:
D:1:      dpeg_arrival_chase, minmay_close_crescents
D:2:      nicolae_overflow_hidden_temple, tso_altar, lemuel_crystal_altar,
          first_bread
D:3:      wad_pebble_path, minmay_misc_feat_plants
D:4:      minmay_misc_feat_secret_circle, st_stairs_14,
          minmay_tree_intersection, uniq_eustachio
D:5:      kb_forest_paths, xom_butterflies, temple_doors_ab
D:6:      uniq_menkaure
D:7:      basic_altar, chequers_ossuary_entry_cave, the_bakery
D:8:      gammafunk_temple_overflow_wave, nicolae_wwwww
D:10:     zombieorc1_lemuel, basic_altar
D:11:     minmay_lair_entry_grove, serial_shops, nicolae_shop_behind_doors,
          shop_fountains, shop, serial_ice, serial_ice_j, serial_ice_o,
          serial_ice_e, serial_ice_n, serial_ice_f, serial_ice_a, serial_ice_m,
          portal_ice_cave_entry_ice_beasts
Temple:   regret_index_temple_sphere_string
Lair:1:   serial_bayou_pond_d, uniq_sonja
Lair:2:   minmay_snake_entry_six_corridors
Lair:3:   lemuel_reptile_caves, st_stairs_4, serial_bayou_shore_b, uniq_fannar
Lair:4:   swamp_mist, beast_lair_carwin_5, grunt_megastairs_3
Lair:5:   uniq_rupert
Lair:6:   cheibrodos_lair_end_hotspot, dpeg_slime_entry_corner,
          nicolae_volcano_entry_s_turn, serial_bayou_crossing
Ossuary:  ossuary_minmay_tomb_2a
Volcano:  pf_volcano_lost_world

Skill      XL: |  1  2  3  4  5  6  7  8  9 10 11 12 13 14 |
---------------+-------------------------------------------+-----
Dodging        | 2 3 4 5 6 |  6.3
Stealth        | 2 3 4 5 |  5.1
Spellcasting   | 4 5 6 7 8 9 10 | 10.5
Conjurations   | 2 3 4 5 7 8 9 10 | 10.2
Axes           | 1 2 3 4 6 7 8 9 |  9.8
Fighting       | 2 3 4 5 6 |  6.5
Air Magic      | 1 3 4 5 7 8 9 10 | 10.4
Poison Magic   | 1 2 |  2.1
Fire Magic     | 1 3 4 6 7 9 10 | 10.3
Necromancy     | 2 5 7 |  7.8
Evocations     | 1 |  1.1
Charms         | 1 |  1.2
Summonings     | |  1.9
Translocations | |  1.0

Action                   |  1- 3 |  4- 6 |  7- 9 | 10-12 | 13-15 || total
-------------------------+-------+-------+-------+-------+-------++-------
Melee: Unarmed           |     5 |       |       |       |       ||     5
       Tailslap          |     6 |     3 |    33 |    73 |    45 ||   160
       Dagger            |    27 |       |       |       |       ||    27
       Hand axe          |       |   111 |   303 |   694 |   369 ||  1477
 Cast: Magic Dart        |    77 |    76 |   155 |   139 |    15 ||   462
       Mephitic Cloud    |       |     2 |     2 |    34 |       ||    38
       Conjure Flame     |       |       |     4 |     2 |     1 ||     7
       Animate Skeleton  |       |       |       |    91 |    68 ||   159
       Airstrike         |       |       |       |    54 |    97 ||   151
       Swiftness         |       |       |       |     2 |     1 ||     3
       Bolt of Draining  |       |       |       |    27 |    39 ||    66
       Vampiric Draining |       |       |       |     5 |    29 ||    34
       Regeneration      |       |       |       |     2 |    10 ||    12
       Fireball          |       |       |       |       |     1 ||     1
       Summon Lightning  |       |       |       |       |     1 ||     1
Invok: Divine Energy     |       |       |     1 |       |       ||     1
       Channel Magic     |       |       |       |       |     1 ||     1
 Abil: Breathe Fire      |       |       |    15 |    37 |     3 ||    55
Evoke: Wand              |       |       |     4 |     7 |     5 ||    16
       Lightning rod     |       |       |       |       |     1 ||     1
  Use: Scroll            |     2 |     3 |    12 |    16 |     8 ||    41
       Potion            |       |     1 |     4 |     9 |     2 ||    16
 Stab: Sleeping          |       |     1 |     2 |     8 |     3 ||    14
       Confused          |       |       |     2 |    13 |       ||    15
       Distracted        |       |       |       |     7 |     7 ||    14
  Eat: Chunk             |     3 |     7 |    15 |    47 |    26 ||    98
       Fruit             |       |       |     1 |       |       ||     1
       Royal jelly       |       |       |     1 |       |     2 ||     3
Armor: Skin              |     9 |    35 |   125 |   279 |    99 ||   547
Dodge: Dodged            |    30 |    81 |   183 |   468 |   242 ||  1004
       Deflected         |       |       |     4 |       |     2 ||     6
Block: Other             |       |       |    31 |    85 |    36 ||   152
       Reflection        |       |       |     2 |     7 |       ||     9
